 Dungeon Crawl Stone Soup version 0.32-a0-172-gc5dd13f2a7 (webtiles) character file.

Game seed: 3064577755833172303

42 zenocrate the Sneak (level 3, 0/19 HPs)
             Began as a Vine Stalker Delver on Feb 12, 2024.
             Slain by an orc wizard
             ... wielding a +0 dagger
              (2 damage)
             ... on level 3 of the Dungeon.
             The game lasted 00:00:34 (216 turns).

zenocrate the Sneak (Vine Stalker Delver)            Turns: 216, Time: 00:00:35

Health: 0/19       AC:  3    Str: 14    XL:     3   Next: 56%
Magic:  0/4        EV: 11    Int: 10    God:
Gold:   2          SH:  0    Dex: 17    Spells: 2/2 levels left

rFire   . . .        a - +0 short sword
rCold   . . .        (no shield)
rNeg    . . .        b - +0 leather armour
rPois   .            (no helmet)
rElec   .            (no cloak)
rCorr   .            (no gloves)
SInv    .            (no boots)
Will    .....        (no amulet)
Stlth   +            (no ring)
HPRegen 1.03/turn    (no ring)
MPRegen 0.09/turn

%: guardian spirit
@: confused
A: fangs 2, regeneration 1, magic shield, antimagic bite, no potion heal 2,
deterioration 1, wild magic 1
a: no special abilities


You were on level 3 of the Dungeon.
You visited 1 branch of the dungeon, and saw 3 of its levels.

You collected 2 gold pieces.

Inventory:

Hand Weapons
 a - a +0 short sword (weapon)
Armour
 b - a +0 leather armour (worn)
Wands
 g - a wand of digging (3)
Scrolls
 c - 2 scrolls of fog
 d - a scroll of revelation
 e - a scroll of fear
Potions
 f - a potion of haste


   Skills:
 - Level 2.6 Fighting
 + Level 2.7 Short Blades
 - Level 1.5 Dodging
 + Level 6.8 Stealth


You had 2 spell levels left.
You didn't know any spells.
Your spell library was empty.

Dungeon Overview and Level Annotations

Branches:
Dungeon (5/15)
 Temple: D:4-7

Altars:


Innate Abilities, Weirdness & Mutations

You have extremely sharp teeth.
Your natural rate of healing is unusually fast.
When hurt, damage is shared between your health and your magic reserves.
Your bite disrupts and absorbs the magic of your enemies.
Potions cannot restore your health.
Your body sometimes deteriorates upon taking damage.
Your spells are a little harder to cast, but a little more powerful.


Message History

The ball python constricts you. Something hits you. The orc barely misses you.
You hit the ball python. Your bite misses the ball python.
The ball python is severely wounded.
The ball python barely misses you. The ball python constricts you.
The orc hits you with a +0 club. Something hits you.
You hit the orc but do no damage.
The orc is almost dead.
The ball python barely misses you. The ball python constricts you.
Something hits you. The orc closely misses you.
Unknown command.
You hit the orc.
You kill the orc!
The ball python bites you. The ball python constricts you.
Unknown command.
You hit the ball python.
You kill the ball python!
Something hits you.
Unknown command.
You hit the frilled lizard.
You kill the frilled lizard!
You hear some strange, mumbled words.
A magic dart appears from out of thin air!
The magic dart hits you!
* * * LOW HITPOINT WARNING * * *
Unknown command.
You miss something.
You hear some strange, mumbled words.
You are confused.
Unknown command.
You barely miss something. Your bite misses something. Something hits you.
* * * LOW HITPOINT WARNING * * *
Unknown command.
Unknown command.
Something hits you.
* * * LOW HITPOINT WARNING * * *
Unknown command.
It was a potion of mutation.
You feel extremely strange.
You feel yourself wasting away.
You feel less in control of your magic. Something hits you.
You die...

.....## ........
#....... .....#####
........# #
#......###.#
######.)).......#
#............######
#......@...........
.........#.........
.........#†).......
...................
.##................
#.....#......####
#.....#......# #.
......#......# ...
......#......##.#


There were no monsters in sight!

Vanquished Creatures
  An iguana (D:4)
  A dart slug (D:3)
  3 orcs (D:3)
  A giant cockroach (D:3)
  A goblin (D:3)
  A hobgoblin (D:3)
  A ball python (D:3)
  A bat (D:3)
  A frilled lizard (D:3)
11 creatures vanquished.

Notes
Turn   | Place    | Note
-------+----------+-------------------------------------------
     0 | D:5      | zenocrate the Vine Stalker Delver began the quest for the
                  | Orb.
     0 | D:5      | Reached XP level 1. HP: 11/11 MP: 2/2
    41 | D:4      | Noticed an iguana
    54 | D:4      | Killed an iguana
    55 | D:4      | Reached XP level 2. HP: 8/16 MP: 0/3
    55 | D:4      | Reached XP level 3. HP: 9/19 MP: 0/4
   129 | D:4      | Noticed a scorpion
   216 | D:3      | Gained mutation: Your body sometimes deteriorates upon
                  | taking damage. [potion of mutation]
   216 | D:3      | Gained mutation: Your spells are a little harder to cast,
                  | but a little more powerful. [potion of mutation]
   216 | D:3      | Slain by an orc wizard

Illustrated notes

Levels and vault maps discovered:
D:3:      layout_basic, uniq_terence
D:4:      layout_loops_corners, grunt_dithmenos_smoke, nicolae_shop_gadgets
D:5:      layout_gridville, serial_shops, nicolae_lakefront_shop, uniq_ijyb,
          uniq_sigmund

Skill      XL: |  1 |
---------------+----+-----
Short Blades   | 2 |  2.7
Fighting       | |  2.6
Dodging        | |  1.5
Stealth        | |  6.8

Action                     || total
---------------------------++-------
  Melee: Short sword       ||    43
         Bite              ||    12
    Use: Potion            ||     1
   Stab: Sleeping          ||     2
 Armour: Leather armour    ||    29
  Dodge: Dodged            ||    36

Table legend: (Time is in decaauts)
 A = Elapsed time spent in this place.
 B = Non-inter-level travel time spent in this place.
 C = Inter-level travel time spent in this place.
 D = Time resting spent in this place.
 E = Time spent auto-exploring this place.
 F = Levels seen in this place.
 G = Mean time per level.
                   A        B        C        D        E       F      G
               +--------+--------+--------+--------+--------+-----+--------+
         Total |    210 |    210 |      0 |      0 |    116 |   3 |   70.0 |
       Dungeon |    210 |    210 |      0 |      0 |    116 |   3 |   70.0 |
               +--------+--------+--------+--------+--------+-----+--------+

Top non-repeatable levels by time:
     D:4: 96 daAuts
     D:3: 73 daAuts
     D:5: 41 daAuts
